Map: Lost and Found LE

Players

Denver - Winner!

  • Race: Zerg Zerg
  • Spawn Location: 7:00

Stephano

  • Race: Zerg Zerg
  • Spawn Location: 1:00

Event: WCS Montreal 2018

VOD

Have the link to the VOD?

Description

Time

  • Played on: Sept. 7, 2018, 8:05 p.m.
  • Length: 5:55

All games in this series

Show
View Real Time Build Order
Export as new Build Order

Denver Zerg - Winner!

Build Orders: Pool First, Zergling Baneling 

Get SALT Encoding   

  12  0:00  Drone  
  13  0:08  Drone  
  14  0:25  Spawning Pool  
  14  0:28  Drone  
  14  0:32  Extractor  
  14  0:34  Drone  
  15  0:41  Overlord  
  15  1:03  Hatchery  
  14  1:12  Zergling x4  
  14  1:14  Zergling x2  
  17  1:25  Queen  
  19  1:28  Drone  
  20  1:35  Drone  
  20  1:39  Extractor  
  20  1:44  Overlord  
  20  2:00  Drone  
  21  2:02  Queen  
  23  2:14  Drone  
  24  2:21  Drone x2  
  26  2:26  Drone  
  26  2:27  Queen  
  28  2:30  Drone  
  28  2:32  Drone  
  30  2:38  Drone  
  30  2:43  Metabolic Boost  
  31  2:48  Overlord  
  31  2:52  Drone  
  32  2:59  Baneling Nest  
  32  3:01  Drone x2  
  33  3:11  Evolution Chamber  
  32  3:16  Roach Warren  
  32  3:18  Zergling x2  
  32  3:19  Zergling x2  
  33  3:21  Zergling x2  
  33  3:24  Zergling x2  
  35  3:28  Zergling x2  
  35  3:29  Zergling x2  
  35  3:31  Zergling x2  
  38  3:38  Zergling x4  
  38  3:39  Zergling x2  
  41  3:52  Zergling x2  
  41  3:53  Zergling x4  
  42  3:59  Zergling x4  
  44  4:06  Overlord  
  44  4:13  Overlord  
  44  4:21  Baneling x6  
  42  4:34  Zergling x10  
  42  4:35  Zergling x6  
  48  4:40  Zergling x2  
  49  4:47  Zergling x8  
  49  4:51  Baneling x3  
  50  4:56  Zergling x2  
  50  4:59  Zergling x2  
  51  5:04  Zergling x2  
  47  5:11  Zergling x2  
  43  5:16  Zergling x12  
  43  5:18  Baneling x2  
  46  5:21  Zergling x2  
  46  5:26  Drone  
  48  5:28  Drone  
  48  5:32  Zergling x2  
Show
View Real Time Build Order
Export as new Build Order

Stephano Zerg 

Build Orders: Hatch First 

Get SALT Encoding   

  12  0:00  Drone  
  13  0:13  Overlord  
  13  0:18  Drone  
  14  0:31  Drone x2  
  16  0:47  Hatchery  
  15  0:51  Drone  
  15  0:54  Drone  
  17  0:57  Drone  
  18  1:08  Extractor  
  17  1:13  Spawning Pool  
  17  1:16  Drone  
  17  1:19  Drone  
  18  1:28  Drone  
  19  1:39  Drone  
  20  1:49  Drone  
  21  1:59  Queen x2  
  21  2:00  Zergling x2  
  26  2:01  Zergling x2  
  26  2:04  Spine Crawler  
  26  2:10  Zergling x2  
  27  2:21  Drone  
  26  2:25  Drone  
  26  2:26  Drone  
  27  2:30  Metabolic Boost  
  27  2:33  Overlord  
  27  2:42  Baneling Nest  
  26  2:50  Overlord  
  26  2:52  Drone  
  27  3:09  Drone x2  
  27  3:10  Queen  
  31  3:13  Hatchery  
  31  3:17  Zergling x2  
  31  3:18  Drone  
  32  3:21  Drone  
  32  3:24  Drone  
  34  3:27  Baneling  
  34  3:28  Drone  
  35  3:34  Overlord  
  35  3:49  Drone  
  35  3:53  Drone x3  
  35  3:54  Drone x5  
  42  4:02  Extractor  
  42  4:07  Drone x2  
  43  4:11  Baneling  
  43  4:24  Queen  
  43  4:25  Roach Warren  
  43  4:29  Zergling x12  
  49  4:35  Zergling x2, Overlord  
  50  4:39  Overlord  
  50  4:45  Zergling x8  
  49  4:47  Baneling x2  
  43  4:53  Zergling x8  
  36  5:12  Drone  
  35  5:21  Drone x2  
  35  5:33  Zergling x8  
Tags
 
Add a new tag
Caveats
  • Supply blocks, unpowered buildings, or Contaminate may cause inaccurate times.
  • Supply counts are checked every 10 seconds.